 Dungeon Crawl Stone Soup version 0.32-a0-468-g38b2580584 (webtiles) character file.

Game seed: 18098485366649915497

14237 anacleto the Geomancer (level 11, 0/75 HPs)
             Began as a Pale Draconian Earth Elementalist on Feb 24, 2024.
             Slain by a freezing wraith (11 damage)
             ... on level 12 of the Dungeon.
             The game lasted 00:51:16 (15232 turns).

anacleto the Geomancer (DrEE)                      Turns: 15232, Time: 00:51:17

Health: 0/75       AC: 13    Str: 13    XL:     11   Next: 86%
Magic:  8/22       EV: 12    Int: 19    God:
Gold:   574        SH:  0    Dex: 13    Spells: 5/25 levels left

rFire   . . .        b - +1 dagger (elec)
rCold   . . .        (no shield)
rNeg    . . .        (body armour unavailable)
rPois   .            (helmet restricted)
rElec   .            (no cloak)
rCorr   .            h - +1 pair of gloves {Str+3}
SInv    .            (no boots)
Will    .....        (no amulet)
Stlth   ++           u - +4 ring of protection
HPRegen 0.32/turn    z - ring of wizardry
MPRegen 0.18/turn

%: wizardry (x1)
@: short of breath, slowed, very slow
A: breathe steam, AC +7, unfitting armour, cold-blooded, steam resistance
a: Breathe Steam


You were on level 12 of the Dungeon.
You visited 1 branch of the dungeon, and saw 13 of its levels.

You collected 574 gold pieces.

Inventory:

Hand Weapons
 b - a +1 dagger of electrocution (weapon)
Armour
 h - a +1 pair of gloves of strength (worn)
Jewellery
 l - a +6 ring of dexterity
 u - a +4 ring of protection (left hand)
 z - a ring of wizardry (right hand)
Talismans
 k - a storm talisman
 D - a serpent talisman
Wands
 r - a wand of charming (11)
 x - a wand of light (3)
 y - a wand of flame (16)
 F - a wand of mindburst (5)
Scrolls
 a - 4 scrolls of enchant weapon
 d - a scroll of teleportation
 e - 2 scrolls of vulnerability
 f - a scroll of enchant armour {unknown}
 i - a scroll of noise
 n - a scroll of summoning
 o - a scroll of immolation
 p - 2 scrolls of poison
 w - 2 scrolls of amnesia {unknown}
 H - a scroll of fog {unknown}
Potions
 c - 4 potions of magic
 g - 2 potions of brilliance
 j - a potion of degeneration {unknown}
 m - a potion of attraction
 q - 4 potions of curing
 s - a potion of invisibility
 t - 2 potions of enlightenment {unknown}
 A - 3 potions of ambrosia {unknown}
 B - a potion of mutation {unknown}
 C - a potion of lignification
 E - a potion of haste {unknown}
 G - a potion of berserk rage {unknown}
 I - 2 potions of cancellation {unknown}
Miscellaneous
 v - a box of beasts


   Skills:
 - Level 0.4 Fighting
 - Level 2.3 Dodging
 - Level 2.4 Stealth
 - Level 0.2 Unarmed Combat
 + Level 7.9 Spellcasting
 * Level 11.7 Conjurations
 * Level 12.0 Earth Magic
 + Level 3.4 Alchemy
 + Level 3.4 Shapeshifting


You had 5 spell levels left.
You knew the following spells:

 Your Spells              Type           Power      Damage    Failure   Level
a - Sandblast             Erth           100%       2d20      1%          1
b - Passwall              Erth           52%        N/A       1%          3
c - Stone Arrow           Conj/Erth      100%       3d13      1%          3
d - Brom's Barrelling Bo  Conj/Erth      51%        2d7       1%          4
e - Petrify               Alch/Erth      37%        N/A       1%          4
f - Irradiate             Conj/Alch      18%        3d17      4%          5

Your spell library contained the following spells:

 Spells                   Type           Power      Damage    Failure   Level
 Leda's Liquefaction      Alch/Erth      18%        N/A       1%          4
 Cigotuvi's Dreadful Rot  Necr/Alch/Air  22%        N/A       3%          2
 Call Imp                 Summ           14%        N/A       6%          2
 Lesser Beckoning         Tloc           14%        N/A       6%          2
 Sublimation of Blood     Necr           7%         N/A       6%          2
 Frozen Ramparts          Ice            14%        1d3       12%         3
 Gell's Gravitas          Tloc           7%         N/A       12%         3
 Inner Flame              Hex/Fire       7%         N/A       12%         3
 Teleport Other           Tloc           7%         N/A       12%         3
 Dispel Undead            Necr           7%         3d8       34%         4
 Martyr's Knell           Necr/Summ      7%         N/A       34%         4
 Metabolic Englaciation   Hex/Ice        3%         N/A       67%         5
 Death Channel            Necr           3%         N/A       99%         6
 Summon Hydra             Summ           3%         N/A       100%        7
 Ignition                 Fire           3%         3d4       100%        8


Dungeon Overview and Level Annotations

Branches:
Dungeon (13/15)              Lair (0/5) D:9             Orc (0/2) D:12
 Temple: D:4-7       Vaults: D:13-14

Altars:
Cheibriados
Kikubaaqudgha
Uskayaw
Yredelemnul
The Shining One

Shops:
D:2 [

Annotations:
D:7 1 runed translucent door, zenocrate's ghost, novice TrDe
D:10 1 transporter
D:12 Erolcha


Innate Abilities, Weirdness & Mutations

You can breathe blasts of scalding, opaque steam.
Your pale cyan-grey scales are hard. (AC +7)
You cannot fit into any form of body armour.
You are cold-blooded and may be slowed by cold attacks.
You are immune to the effects of steam.


Message History

Aiming: Sandblast (safe; 1% risk of failure)
Press: ? - help, Shift-Dir - straight line, f/p - freezing wraith
Aim: a freezing wraith (heavily damaged, 85% to hit)
The blast of sand hits the freezing wraith!
The freezing wraith is almost destroyed.
The freezing wraith barely misses you. The freezing wraith hits you.
The freezing wraith drains your vigour!
You feel as though you will be slow longer.
The freezing wraith hits you. The freezing wraith freezes you!
You feel as though you will be slow longer.
The freezing wraith closely misses you.
Casting: Sandblast (safe; 1% risk of failure)
Confirm with . or Enter, or press ? or * to list all spells.
Aiming: Sandblast (safe; 1% risk of failure)
Press: ? - help, Shift-Dir - straight line, f/p - freezing wraith
Aim: a freezing wraith (almost destroyed, 85% to hit)
The blast of sand hits the freezing wraith but does no damage.
The freezing wraith is almost destroyed.
The freezing wraith hits you but does no damage.
The freezing wraith hits you! The freezing wraith drains your vigour!
You feel as though you will be slow longer.
The freezing wraith barely misses you. The freezing wraith misses you.
The freezing wraith closely misses you. The freezing wraith barely misses you.
Casting: Sandblast (safe; 1% risk of failure)
Confirm with . or Enter, or press ? or * to list all spells.
Aiming: Sandblast (safe; 1% risk of failure)
Press: ? - help, Shift-Dir - straight line, f/p - freezing wraith
Aim: a freezing wraith (almost destroyed, 85% to hit)
The blast of sand hits the freezing wraith but does no damage.
The freezing wraith is almost destroyed.
The freezing wraith hits you! The freezing wraith freezes you!
You feel as though you will be slow longer.
* * * LOW HITPOINT WARNING * * *
The freezing wraith hits you.
* * * LOW HITPOINT WARNING * * *
The freezing wraith hits you.
* * * LOW HITPOINT WARNING * * *
The freezing wraith freezes you!
You feel as though you will be slow longer.
You die...

#.# #.#
#.# #.#
#.# #.#
#.# #.#
#.# #.#
#.# #.#
#.#
#.#####W#
#......@#
#.#####.#
#.# #.#
### ###


You could see a freezing wraith.

Vanquished Creatures
  7 two-headed ogres
  A deep elf pyromancer (D:12)
  2 cyclopes
  A gargoyle (D:12)
  Maggie (D:9)
  A kobold demonologist (D:10)
  3 komodo dragons
  4 trolls
  2 hornets
  2 wyverns
  8 yaks
  3 shadows
  A vampire (D:10)
  2 wraiths
  A steam dragon (D:6)
  3 vampire mosquitoes
  2 acid dragons (D:9)
  A water moccasin (D:5)
  3 orc warriors
  2 sky beasts (D:7)
  2 ogres (D:5)
  2 ice beasts (D:5)
  A black bear (D:7)
  A kobold brigand (D:9)
  2 bullfrogs
  2 scorpions
  11 killer bees
  4 electric eels (D:11)
  A howler monkey (D:5)
  A hound (D:5)
  A gnoll bouda (D:6)
  7 orc priests
  2 iguanas
  11 orc wizards
  10 gnolls
  11 adders
  A shadow imp (D:8)
  3 white imps
  4 dart slugs
  34 orcs
  4 ball pythons
  4 endoplasms
  5 giant cockroaches
  8 hobgoblins
  14 jackals
  3 quokkas
  5 bats
  6 frilled lizards
  5 goblins
  11 kobolds
  6 rats
232 creatures vanquished.

Vanquished Creatures (collateral kills)
  2 vampire mosquitoes (D:10)
  A white imp (D:6)
  7 boulders
10 creatures vanquished.

Vanquished Creatures (others)
  5 boulders
5 creatures vanquished.

Grand Total: 247 creatures vanquished

Notes
Turn   | Place    | Note
-------+----------+-------------------------------------------
     0 | D:1      | anacleto the Draconian Earth Elementalist began the quest
                  | for the Orb.
     0 | D:1      | Reached XP level 1. HP: 14/14 MP: 3/3
   278 | D:1      | Reached XP level 2. HP: 20/20 MP: 5/5
   766 | D:1      | Reached XP level 3. HP: 23/26 MP: 3/6
  1546 | D:2      | Found Qaph's Armour Shop.
  1546 | D:2      | Noticed an animated storm dragon scales
  1551 | D:2      | Reached XP level 4. HP: 33/33 MP: 4/7
  1551 | D:2      | Noticed an animated plate armour
  1595 | D:2      | Found an ancient bone altar of Kikubaaqudgha.
  2916 | D:2      | Learned a level 3 spell: Passwall
  2920 | D:2      | Learned a level 3 spell: Stone Arrow
  3395 | D:4      | Found a snail-covered altar of Cheibriados.
  3402 | D:4      | Found a hide-covered altar of Uskayaw.
  3406 | D:4      | Reached XP level 5. HP: 39/39 MP: 5/9
  3448 | D:4      | Noticed an orc warrior
  3805 | D:4      | Reached skill level 4 in Earth Magic
  4076 | D:4      | Reached skill level 1 in Shapeshifting
  4137 | D:4      | Reached XP level 6. HP: 46/46 MP: 8/10
  4670 | D:5      | Entered Level 5 of the Dungeon
  4671 | D:5      | Noticed a water moccasin
  4681 | D:5      | Killed a water moccasin
  4917 | D:5      | Noticed an ice beast
  4934 | D:5      | Killed an ice beast
  5132 | D:5      | Found a glowing golden altar of the Shining One.
  5147 | D:5      | Reached skill level 5 in Earth Magic
  5147 | D:5      | Your scales start taking on a pale cyan-grey colour.
  5147 | D:5      | Reached XP level 7. HP: 28/51 MP: 5/12
  5147 | D:5      | Gained mutation: You are immune to the effects of steam.
                  | [Pale Draconian growth]
  5485 | D:5      | Reached skill level 5 in Conjurations
  5797 | D:5      | Learned a level 4 spell: Brom's Barrelling Boulder
  5828 | D:5      | You fall into a shaft and drop 3 floors!
  5850 | D:8      | Noticed a hornet
  5856 | D:8      | Paralysed by a hornet for 1 turns
  5860 | D:8      | Killed a hornet
  5861 | D:8      | Reached skill level 6 in Earth Magic
  5861 | D:8      | Reached XP level 8. HP: 5/58 MP: 9/14
  6632 | D:6      | Reached skill level 7 in Earth Magic
  7384 | D:7      | Learned a level 4 spell: Petrify
  7421 | D:7      | Found a runed translucent door.
  7421 | D:7      | Noticed zenocrate's ghost (novice TrDe)
  7730 | D:7      | Reached skill level 5 in Spellcasting
  7730 | D:7      | Reached XP level 9. HP: 49/63 MP: 12/16
  8052 | D:8      | Noticed a two-headed ogre
  8059 | D:8      | Noticed a troll
  8103 | D:8      | Killed a two-headed ogre
  8104 | D:8      | Reached skill level 8 in Earth Magic
  8127 | D:8      | HP: 1/63 [troll (6)]
  8129 | D:8      | Killed a troll
  8685 | D:8      | Reached skill level 9 in Earth Magic
  8738 | D:8      | Noticed a catoblepas
  8969 | D:9      | Noticed a two-headed ogre
  8974 | D:9      | Killed a two-headed ogre
  8975 | D:9      | Reached XP level 10. HP: 70/70 MP: 15/19
  9012 | D:9      | Noticed Maggie
  9022 | D:9      | Killed Maggie
  9170 | D:9      | Noticed a two-headed ogre
  9197 | D:9      | Killed a two-headed ogre
  9278 | D:9      | Reached skill level 10 in Earth Magic
  9366 | D:9      | Found a staircase to the Lair.
  9697 | D:9      | Reached skill level 10 in Conjurations
  9995 | D:9      | Noticed a two-headed ogre
 10008 | D:9      | Killed a two-headed ogre
 10943 | D:10     | Entered Level 10 of the Dungeon
 11106 | D:9      | Learned a level 5 spell: Irradiate
 11248 | D:10     | Reached XP level 11. HP: 26/75 MP: 19/21
 11463 | D:10     | Noticed a two-headed ogre
 11468 | D:10     | Killed a two-headed ogre
 11469 | D:10     | Reached skill level 11 in Earth Magic
 11469 | D:10     | Reached skill level 1 in Alchemy
 11497 | D:10     | Found a basalt altar of Yredelemnul.
 12221 | D:10     | Found a transporter.
 13301 | D:11     | Noticed a two-headed ogre
 13315 | D:11     | Killed a two-headed ogre
 14977 | D:12     | Noticed Erolcha
 15018 | D:12     | Noticed a deep elf pyromancer
 15021 | D:12     | Killed a deep elf pyromancer
 15074 | D:12     | Noticed a two-headed ogre
 15086 | D:12     | Killed a two-headed ogre
 15090 | D:12     | Reached skill level 12 in Earth Magic
 15198 | D:12     | Found a staircase to the Orcish Mines.
 15232 | D:12     | Slain by a freezing wraith

Illustrated notes

Levels and vault maps discovered:
D:1:      ncdulo_watergridlock, layout_loops_ring,
          wander_ebering_terrifying_dragon_lair
D:2:      layout_loops_corners, serial_shops, nicolae_shop_mannequins,
          basic_altar
D:3:      layout_basic, chequers_decorated_corner
D:4:      layout_layer_cave, mainiacjoe_overflow_catwalk_spiral,
          minmay_temple_entry_gardened_gates, portal_sewer_entry_e,
          uniq_crazy_yiuf_cottage
D:5:      layout_basic, tso_oasis_becter
D:6:      layout_rooms, interstate_on_off
D:7:      layout_basic, serial_glass, glass_columns_a, glass_columns_a,
          gammafunk_ghost_grave
D:8:      layout_loops_ring, minmay_diamond_spiral
D:9:      layout_basic, david_lair_shrubbed, uniq_maggie
D:10:     layout_layer_cave, lemuel_round_altar, nicolae_diode_basic
D:11:     layout_basic, st_stairs_11
D:12:     layout_basic, orc_0_dummy, uniq_erolcha
D:13:     layout_irregular_city, david_vaults_2, ebering_ghost_gozag

Skill      XL: |  1  2  3  4  5  6  7  8  9 10 11 |
---------------+----------------------------------+-----
Stealth        | 2 |  2.4
Dodging        | 2 |  2.3
Conjurations   | 2 3 4 5 7 9 10 11 | 11.7
Earth Magic    | 4 5 6 7 9 10 12 | 12.0
Shapeshifting  | 1 3 |  3.4
Spellcasting   | 3 4 5 6 7 |  7.9
Alchemy        | 3 |  3.4
Fighting       | |  0.4
Unarmed Combat | |  0.2

Action                     |  1- 3 |  4- 6 |  7- 9 | 10-12 || total
---------------------------+-------+-------+-------+-------++-------
  Melee: Unarmed           |     3 |    19 |       |       ||    22
         Morningstar       |    41 |    25 |    10 |       ||    76
         Tailslap          |     4 |     7 |     8 |     2 ||    21
         Dagger            |       |       |    55 |     8 ||    63
   Cast: Sandblast         |    52 |   127 |    62 |    87 ||   328
         Stone Arrow       |       |     4 |       |    34 ||    38
         Brom's Barrelling |       |       |     4 |     8 ||    12
         Petrify           |       |       |       |     2 ||     2
         Irradiate         |       |       |       |     2 ||     2
         Passwall          |       |       |       |     1 ||     1
Ability: Breathe Steam     |       |       |    31 |    38 ||    69
  Evoke: Wand              |       |       |     1 |       ||     1
         Box of beasts     |       |       |       |     1 ||     1
    Use: Scroll            |       |     1 |     8 |     7 ||    16
         Potion            |       |     1 |     3 |     4 ||     8
   Stab: Sleeping          |       |       |     1 |       ||     1
 Armour: Skin              |    49 |    79 |    95 |   103 ||   326
  Dodge: Dodged            |    63 |    85 |    82 |    87 ||   317

Table legend: (Time is in decaauts)
 A = Elapsed time spent in this place.
 B = Non-inter-level travel time spent in this place.
 C = Inter-level travel time spent in this place.
 D = Time resting spent in this place.
 E = Time spent auto-exploring this place.
 F = Levels seen in this place.
 G = Mean time per level.
                   A        B        C        D        E       F      G
               +--------+--------+--------+--------+--------+-----+--------+
         Total |  15457 |  15063 |    394 |   4568 |   7413 |  13 | 1189.0 |
       Dungeon |  15457 |  15063 |    394 |   4568 |   7413 |  13 | 1189.0 |
               +--------+--------+--------+--------+--------+-----+--------+

Top non-repeatable levels by time:
     D:9: 2268 daAuts
    D:11: 1751 daAuts
     D:8: 1597 daAuts
    D:10: 1450 daAuts
     D:2: 1378 daAuts
     D:4: 1243 daAuts
     D:5: 1185 daAuts
     D:3: 1090 daAuts
     D:1: 1063 daAuts
    D:12: 843 daAuts
     D:6: 825 daAuts
     D:7: 730 daAuts
    D:13: 28 daAuts
